AoeStats
← fyerlang

Black Forest

509571350Analyzed
4v4 RM · 4d ago on Sep 27, 2026· 55m 2s· 8 players
Game mode
Random Map
Map size
Large (8 player)
Population
200
Speed
Normal
Resources
Standard
Victory
Conquest
Starting age
Dark Age
Ending age
Imperial Age
RankedLock teamsTeams togetherTeam positionsShared explorationLock speedFull tech treeHidden civsTurbo modeCheats
Victory
Defeat
🇨🇳 Lithuanians · China
1067
+17
🇨🇳 Franks · China
1046
+18
🇭🇰 Khmer · Hong Kong SAR China
1018
+19
🇨🇳 Byzantines · China
978
+21
🇨🇳 Malians · China
1238
-24
🇨🇳 Byzantines · China
1112
-20
🇨🇳 Britons · China
1064
-18
🇨🇳 Jurchens · China
940
-13
不知者
0:33 Loom
13:28 Feudal Age
17:09 Castle Age
15:22 Double-Bit Axe
17:04 Horse Collar
18:37 Bow Saw
20:26 Wheelbarrow
23:46 Gold Mining
25:19 Hand Cart
31:01 Imperial Age
29:49 Heavy Plow
32:26 Gold Shaft Mining
31:43 Stone Mining
31:19 Light Cavalry
32:09 Bloodlines
32:00 Husbandry
33:07 Town Watch
34:19 Caravan
34:32 Double Crossbow
33:56 Heavy Scorpion
36:35 Siege Engineers
36:42 Masonry
36:42 Fortified Wall
37:34 Chemistry
36:11 Capped Ram
37:19 Hussar
38:39 Scale Barding Armor
38:45 Forging
38:37 Town Patrol
39:13 Crop Rotation
39:19 Conscription
40:03 Hoardings
40:05 Siege Ram
41:26 Gold Shaft Mining
41:26 Stone Shaft Mining
41:26 Architecture
52:32 Fletching
RadiocaT
11:39 Feudal Age
12:50 Loom
15:26 Castle Age
13:20 Double-Bit Axe
16:42 Horse Collar
17:14 Bow Saw
19:27 Horse Collar
20:51 Heavy Plow
22:41 Wheelbarrow
22:25 Gold Mining
23:56 Stone Mining
26:45 Hand Cart
27:35 Stone Shaft Mining
27:14 Scale Mail Armor
27:24 Forging
27:21 Scale Barding Armor
30:40 Imperial Age
28:42 Treadmill Crane
31:00 Chain Barding Armor
31:15 Iron Casting
31:00 Bloodlines
30:51 Husbandry
30:41 Fishing Lines
31:56 Conscription
31:01 Elite Leitis
32:48 Hoardings
32:38 Ballistics
32:08 Heated Shot
33:09 Plate Barding Armor
32:33 Gillnets
33:52 Two-Man Saw
33:24 Crop Rotation
33:56 Chemistry
33:47 Fortified Wall
33:36 Onager
34:19 Pikeman
35:00 Squires
39:23 Tower Shields
39:24 Hill Forts
40:17 Guilds
40:25 Guilds
43:01 Caravan
48:15 Scale Mail Armor
48:06 Fletching
48:16 Padded Archer Armor
55:36 Bodkin Arrow
55:56 Leather Archer Armor
55:56 Chain Mail Armor
fyerlang
12:03 Feudal Age
17:11 Castle Age
15:44 Double-Bit Axe
15:51 Fishing Lines
18:23 Bow Saw
18:31 Gillnets
23:39 Wheelbarrow
24:52 Hand Cart
30:10 Imperial Age
27:29 Loom
27:50 Gold Mining
27:48 Town Watch
28:31 Caravan
29:31 Scale Barding Armor
29:38 Forging
30:33 Gold Shaft Mining
30:51 Husbandry
30:13 Cavalier
31:40 Stone Mining
34:04 Chain Barding Armor
34:20 Iron Casting
33:46 Paladin
34:32 Fletching
35:28 Plate Barding Armor
36:01 Chemistry
37:07 Blast Furnace
36:44 Ballistics
38:01 Fletching
40:04 Murder Holes
40:16 Siege Engineers
40:23 Masonry
40:12 Bodkin Arrow
41:39 Scale Mail Armor
42:06 Chivalry
41:32 Ordonnance Companies
42:34 Conscription
42:50 Hoardings
45:05 Chain Mail Armor
50:29 Plate Mail Armor
50:33 Architecture
50:59 Town Patrol
素
7:56 Loom
11:00 Feudal Age
13:44 Man-at-Arms
21:22 Castle Age
20:05 Double-Bit Axe
20:02 Horse Collar
27:07 Imperial Age
25:03 Long Swordsman
26:18 Heavy Plow
26:43 Gold Mining
28:07 Stone Mining
32:06 Wheelbarrow
34:26 Fortified Wall
35:24 Chemistry
34:46 Bow Saw
35:14 Crop Rotation
35:23 Gold Shaft Mining
36:13 Stone Shaft Mining
38:24 Conscription
38:35 Hand Cart
39:14 Scale Barding Armor
39:20 Forging
39:12 Scale Mail Armor
46:47 Elite Varangian Guard
49:19 Chain Mail Armor
49:39 Iron Casting
48:55 Fletching
49:06 Padded Archer Armor
49:08 Squires
48:54 Gambesons
48:54 Arson
50:26 Caravan
53:15 Plate Mail Armor
53:31 Hoardings
52:16 Elite Cataphract
零贰cc
10:27 Feudal Age
15:06 Castle Age
13:13 Double-Bit Axe
13:31 Horse Collar
19:59 Loom
23:30 Bow Saw
24:31 Wheelbarrow
24:38 Heavy Plow
29:31 Imperial Age
27:59 Hand Cart
29:24 Scale Mail Armor
29:34 Forging
29:53 Gold Mining
30:08 Capped Ram
32:13 Two-Man Saw
31:26 Logistica
31:37 Conscription
31:02 Elite Varangian Guard
31:58 Loom
32:59 Gold Shaft Mining
32:14 Stone Mining
32:00 Siege Ram
34:15 Chain Mail Armor
34:35 Iron Casting
35:06 Stone Shaft Mining
36:11 Murder Holes
36:48 Plate Mail Armor
38:40 Crop Rotation
39:00 Pikeman
39:40 Squires
40:00 Squires
40:39 Halberdier
42:00 Coinage
42:57 Cavalier
43:38 Husbandry
44:17 Careening
44:14 Scale Barding Armor
45:10 Arson
45:56 Light Cavalry
小猪桑
0:38 Loom
12:36 Feudal Age
17:11 Castle Age
16:07 Double-Bit Axe
19:39 Fishing Lines
23:59 Fletching
25:00 Wheelbarrow
24:11 Town Watch
26:41 Gillnets
29:29 Bow Saw
31:28 Gold Mining
34:46 Imperial Age
33:26 Yeomen
32:29 Crossbowman
33:09 Bodkin Arrow
33:59 Ballistics
33:35 Murder Holes
35:20 Arbalester
37:06 Chemistry
36:25 Padded Archer Armor
36:46 Bracer
37:18 Hand Cart
38:15 Gold Shaft Mining
38:22 Conscription
38:45 Leather Archer Armor
40:30 Squires
40:15 Arson
39:51 Pikeman
40:17 Gambesons
41:47 Ring Archer Armor
41:28 Forging
41:18 Scale Mail Armor
45:53 Onager
白给
2:50 Loom
12:06 Feudal Age
16:07 Castle Age
16:18 Double-Bit Axe
16:15 Horse Collar
23:23 Stone Mining
29:00 Gold Mining
29:24 Bow Saw
29:16 Heavy Plow
32:31 Imperial Age
30:43 Forging
30:38 Scale Barding Armor
31:24 Wheelbarrow
31:33 Gold Shaft Mining
31:20 Bloodlines
31:57 Husbandry
32:45 Fortified Bastions
33:39 Iron Casting
33:24 Chain Barding Armor
34:30 Two-Man Saw
34:23 Conscription
33:39 Elite Steppe Lancer
35:37 Crop Rotation
35:32 Siege Engineers
35:13 Treadmill Crane
38:11 Blast Furnace
38:45 Hand Cart
43:48 Plate Barding Armor
45:00 Pikeman
45:40 Halberdier
ACcloud14
13:08 Feudal Age
14:06 Double-Bit Axe
14:16 Fishing Lines
20:04 Castle Age
19:40 Horse Collar
19:53 Stone Mining
20:42 Gillnets
22:47 Bow Saw
22:59 Gold Mining
22:56 Man-at-Arms
23:42 Fletching
23:43 Loom
24:33 Wheelbarrow
24:37 Gold Shaft Mining
24:08 Long Swordsman
24:55 Scale Mail Armor
26:09 Forging
27:20 Heavy Plow
28:00 Chain Mail Armor
30:14 Hand Cart
30:49 Town Watch
33:45 Imperial Age
32:11 Iron Casting
32:11 Treadmill Crane
32:52 Ballistics
32:42 Masonry
33:20 Stone Shaft Mining
33:38 Masonry
34:16 Padded Archer Armor
34:12 Bodkin Arrow
35:00 Plate Mail Armor
33:53 Two-Handed Swordsman
34:34 Squires
35:07 Architecture
35:48 Chemistry
35:38 Crop Rotation
35:31 Leather Archer Armor
35:49 Architecture
35:10 Champion
35:28 Pikeman
36:42 Guard Tower
37:36 Conscription
40:44 Town Watch
41:57 Ring Archer Armor
45:28 Hoardings
47:56 Elite Gbeto
Connection lost

Rejoining the realm…

Still unreachable

The connection could not be restored.

Session expired

The server has moved on; the page needs a fresh start.